 Dungeon Crawl Stone Soup version 0.29-a0-323-g050149af67 (webtiles) character file.

Game seed: 4817089364473027840

6251 Jortsu the Basher (level 10, -24/98 HPs)
             Began as a Troll Hunter on Apr 10, 2022.
             Was an Initiate of Yredelemnul.
             Annihilated by a boulder beetle (30 damage)
             ... on level 9 of the Dungeon.
             The game lasted 00:27:35 (6722 turns).

Jortsu the Basher (Troll Hunter)                    Turns: 6722, Time: 00:27:36

Health: -24/98     AC:  9    Str: 23    XL:     10   Next: 62%
Magic:  9/9        EV: 27    Int:  5    God:    Yredelemnul [......]
Gold:   424        SH:  0    Dex: 15    Spells: 9/9 levels left

rFire   . . .      SeeInvis .   h - +4 giant spiked club
rCold   + . .      Faith    .   (shield currently unavailable)
rNeg    + . .      Spirit   .   e - +2 robe {rN+}
rPois   .          Reflect  .   u - +2 hat
rElec   +          Harm     .   q - +0 cloak "Omarot" {rElec rCorr}
rCorr   +          Rampage  .   (gloves unavailable)
Will    .....                   (boots unavailable)
Stlth   ++........              d - amulet of the acrobat
HPRegen 1.06/turn               g - ring of protection from cold
MPRegen 0.11/turn               (no ring)

@: mighty, acrobatic
A: large, unfitting armour, claws 3, regeneration 1, shaggy fur 1, tough skin 1
a: Renounce Religion, Recall Undead Harvest


You were on level 9 of the Dungeon.
You worshipped Yredelemnul.
Yredelemnul was noncommittal.
You visited 1 branch of the dungeon, and saw 9 of its levels.
You also visited: Ossuary.

You collected 614 gold pieces.
You spent 190 gold pieces at shops.

Inventory:

Hand Weapons
 a - a +1 hunting sling
 h - a +4 giant spiked club (weapon)
Missiles
 b - 3 large rocks (quivered)
Armour
 e - a +2 robe of positive energy (worn)
 q - the +0 cloak "Omarot" (worn) {rElec rCorr}
   (You acquired it in an ossuary)

   rElec:     It insulates you from electricity.
   rCorr:     It protects you from acid and corrosion.
 u - a +2 hat (worn)
Jewellery
 d - an amulet of the acrobat (around neck)
 g - a ring of protection from cold (left claw)
Wands
 o - a wand of polymorph (12)
 p - a wand of flame (25)
 v - a wand of iceblast (12)
Scrolls
 c - 2 scrolls of immolation
 l - 6 scrolls of teleportation
 r - 2 scrolls of amnesia
 s - a scroll of fog
 x - 3 scrolls of magic mapping
Potions
 f - 4 potions of lignification
 i - a potion of flight
 j - 4 potions of curing
 k - 2 potions of haste
 m - 2 potions of heal wounds
 n - 2 potions of mutation
 t - 2 potions of magic


   Skills:
 + Level 6.0 Fighting
 + Level 10.7 Maces & Flails
 + Level 3.7(3.8) Slings
 + Level 1.7(3.6) Throwing
 + Level 5.3 Dodging
 + Level 2.1 Stealth
 + Level 2.1 Unarmed Combat


You had 9 spell levels left.
You didn't know any spells.
Your spell library contained the following spells:

 Spells                   Type           Power      Damage    Failure   Level
 Beastly Appendage        Tmut           0%         N/A       47%         1
 Magic Dart               Conj           0%         1d3       47%         1
 Pain                     Necr           0%         1d4       47%         1
 Summon Small Mammal      Summ           0%         N/A       47%         1
 Corpse Rot               Necr/Air       0%         N/A       63%         2
 Poisonous Vapours        Pois/Air       0%         N/A       63%         2
 Searing Ray              Conj           0%         2d4       63%         2
 Wereblood                Tmut           0%         N/A       63%         2
 Call Canine Familiar     Summ           0%         N/A       85%         3
 Confusing Touch          Hex            0%         N/A       85%         3
 Spider Form              Tmut/Pois      0%         N/A       85%         3
 Summon Guardian Golem    Hex/Summ       0%         N/A       85%         3
 Fulminant Prism          Conj/Hex       0%         3d6       99%         4
 Agony                    Necr           0%         N/A       100%        5
 Excruciating Wounds      Necr           0%         N/A       100%        5
 Yara's Violent Unravell  Hex/Tmut       0%         3d3       100%        5
 Enfeeble                 Hex            0%         N/A       100%        7


Dungeon Overview and Level Annotations

Branches:
Dungeon (9/15)             Temple (0/1) D:7            Lair (0/6) D:8
Ossuary (visited)
    Orc: D:9-12

Altars:
Trog
Yredelemnul

Shops:
D:8 ****?


Innate Abilities, Weirdness & Mutations

You are too large for most types of armour.
You have claws for hands.
Your natural rate of healing is unusually fast.
You are covered in fur. (AC +1)
You have tough skin. (AC +1)


Message History

The wyvern bites your steam dragon zombie.
Your steam dragon zombie bites the wyvern.
Your steam dragon zombie claws the wyvern but does no damage.
The hornet stings you.
You feel yourself slow down.
The wyvern bites your steam dragon zombie!
Your steam dragon zombie is destroyed!
The wyvern hisses angrily.
The troll attacks as you move away! The troll bites you!
The troll completely misses you. The troll barely misses you.
The wyvern closely misses you. The hornet misses you.
The boulder beetle hits you!!!
Ouch! That really hurt!
* * * LOW HITPOINT WARNING * * *
The boulder beetle stops rolling and uncurls.
The wyvern bites you.
* * * LOW HITPOINT WARNING * * *
The hornet stings you but does no damage.
The boulder beetle misses you.
You hear a bellow!
You hear two shouts!
The wyvern attacks as you move away! The wyvern closely misses you.
You feel yourself speed up.
The kobold brigand throws a poisoned dart.
The poisoned dart completely misses you.
The wyvern completely misses you. The wyvern attacks as you move away!
The wyvern completely misses you. The wyvern closely misses you.
The kobold brigand attacks as you move away!
The kobold brigand closely misses you.
The boulder beetle curls into a ball and begins rolling!
The kobold brigand throws a poisoned dart.
The poisoned dart misses you. The wyvern completely misses you.
The kobold brigand throws a poisoned dart.
The poisoned dart barely misses you. The wyvern bites you!
* * * LOW HITPOINT WARNING * * *
The hornet stings you but does no damage.
The boulder beetle hits you!!
You die...
Your body rises from the dead as a mindless zombie.

.......#..........###.....
.......#..........# #..###
.......#.....#....# #.....
.......#..........# #.....
.........>........# #)....
..........####+#..# #.....
#.........# #..###..###
#.........# #.......# ..
#.......B@# #.......###
...#......Kly# #..........
...#.....°...# #######....
≈≈≈#...°K...#
####....#.... #≈...T....#
).......#..(. #≈........#
........#.... #≈........#
........#.... #≈........#
#####'#..##
#≈..).....######........##


You could see a boulder beetle (rolling), a troll, a hornet, a wyvern and 2
kobold brigands.

Vanquished Creatures
  A two-headed ogre (D:8)
  Joseph (D:8)
  Psyche (D:8)
  4 yaks
  Grum (D:8)
  3 steam dragons
  A black bear (D:7)
  2 ice beasts (D:7)
  4 sky beasts
  3 wolves (D:8)
  4 ogres
  A centaur (D:9)
  3 bullfrogs (D:7)
  A kobold brigand (D:3)
  2 necrophages
  3 scorpions
  2 howler monkeys (D:9)
  3 hounds
  3 jellies
  3 human zombies (Ossuary)
  7 orc priests
  2 gnoll shamans
  Jessica (D:3)
  4 iguanas
  6 orc wizards
  A scorpion zombie (D:6)
  5 hound zombies (Ossuary)
  3 mummies (Ossuary)
  A spectral jelly (D:5)
  8 adders
  22 gnolls
  2 shadow imps
  3 white imps
  An ufetubus (D:6)
  4 adder zombies
  A worm (D:2)
  3 dart slugs
  33 orcs
  6 endoplasms
  4 giant cockroaches
  3 goblins
  7 hobgoblins
  9 jackals (D:3)
  3 quokkas
  3 ball pythons
  9 bats
  3 frilled lizards
  A gnoll zombie (Ossuary)
  3 goblin zombies (Ossuary)
  3 hobgoblin zombies (Ossuary)
  6 jackal zombies
  6 kobolds
  2 kobold zombies (Ossuary)
  2 orc zombies (Ossuary)
  3 quokka zombies (Ossuary)
  12 rats
  2 rat zombies (Ossuary)
240 creatures vanquished.

Vanquished Creatures (collateral kills)
  A troll (D:9)
  A yak (D:8)
  A water moccasin (D:3)
  A howler monkey (D:3)
  A killer bee simulacrum (D:8)
  2 gnolls (D:3)
  An adder (D:6)
  A shadow imp (D:7)
  A white imp (D:8)
  13 orcs
  A ball python (D:4)
  3 jackals (D:3)
27 creatures vanquished.

Vanquished Creatures (others)
  A water moccasin zombie (D:3)
  A wolf zombie (D:8)
  A centaur zombie (D:9)
  2 orc wizards
  2 kobold zombies
  A hound zombie (D:3)
  2 howler monkey zombies (D:9)
  2 steam dragon zombies
  3 adder zombies
  12 gnoll zombies
  A ball python zombie (D:3)
  5 jackal zombies (D:3)
  21 orc zombies
  2 spectral endoplasms (D:4)
  A fungus (D:3)
  9 plants (D:3)
66 creatures vanquished.

Grand Total: 333 creatures vanquished

Notes
Turn   | Place    | Note
-------+----------+-------------------------------------------
     0 | D:1      | Jortsu the Troll Hunter began the quest for the Orb.
     0 | D:1      | Reached XP level 1. HP: 19/19 MP: 0/0
   236 | D:1      | Reached XP level 2. HP: 28/28 MP: 1/1
   801 | D:2      | Reached XP level 3. HP: 35/35 MP: 2/2
  1406 | D:3      | Noticed an ogre
  1411 | D:3      | Killed an ogre
  1412 | D:3      | Reached skill level 1 in Unarmed Combat
  1412 | D:3      | Reached XP level 4. HP: 23/42 MP: 3/3
  1412 | D:3      | Reached XP level 5. HP: 27/49 MP: 4/4
  1816 | D:3      | Noticed Jessica
  1824 | D:3      | Found a faded altar of an unknown god.
  1838 | D:3      | Killed Jessica
  1839 | D:3      | Reached skill level 1 in Throwing
  1917 | D:3      | Prayed at the altar of an unknown god.
  1917 | D:3      | Became a worshipper of Yredelemnul the Dark
  1917 | D:3      | Reached * piety under Yredelemnul
  1991 | D:3      | Reached ** piety under Yredelemnul
  2010 | D:3      | Noticed a water moccasin
  2017 | D:3      | Killed a water moccasin
  2018 | D:3      | Reached skill level 1 in Maces & Flails
  2018 | D:3      | Reached XP level 6. HP: 50/58 MP: 5/5
  2084 | D:3      | Reached skill level 1 in Stealth
  2093 | D:3      | Reached skill level 2 in Maces & Flails
  2179 | D:3      | Reached skill level 3 in Maces & Flails
  2364 | D:3      | Reached XP level 7. HP: 66/66 MP: 6/6
  3217 | D:4      | Reached skill level 4 in Maces & Flails
  3333 | D:4      | Reached XP level 8. HP: 53/75 MP: 7/7
  3498 | D:5      | Entered Level 5 of the Dungeon
  3498 | D:5      | Found a sand-covered staircase.
  3516 | Ossuary  | Entered an ossuary
  3614 | Ossuary  | Reached skill level 5 in Maces & Flails
  3801 | Ossuary  | Identified a scroll of acquirement
  3801 | Ossuary  | Acquired the +0 cloak "Omarot" {rElec rCorr}
  3948 | D:5      | Found a bloodstained altar of Trog.
  4416 | D:5      | Reached skill level 6 in Maces & Flails
  4423 | D:5      | Reached *** piety under Yredelemnul
  4455 | D:5      | Reached **** piety under Yredelemnul
  4722 | D:6      | Reached skill level 7 in Maces & Flails
  4854 | D:6      | Reached XP level 9. HP: 84/84 MP: 8/8
  5171 | D:7      | Reached skill level 8 in Maces & Flails
  5392 | D:7      | Found a staircase to the Ecumenical Temple.
  5654 | D:8      | Noticed Psyche
  5672 | D:8      | Killed Psyche
  5673 | D:8      | Reached skill level 5 in Fighting
  5673 | D:8      | Reached skill level 9 in Maces & Flails
  5738 | D:8      | Found Weza's General Store.
  5753 | D:8      | Bought a scroll of identify for 28 gold pieces
  5802 | D:8      | Found a staircase to the Lair.
  5888 | D:8      | Found Vioklez's Magic Scroll Emporium.
  5892 | D:8      | Bought a scroll of identify for 24 gold pieces
  5892 | D:8      | Bought a scroll of enchant weapon for 90 gold pieces
  5892 | D:8      | Bought a scroll of identify for 24 gold pieces
  5892 | D:8      | Bought a scroll of identify for 24 gold pieces
  5919 | D:8      | Found Kuriesk's Assorted Antiques.
  5984 | D:8      | Reached XP level 10. HP: 96/96 MP: 9/9
  6138 | D:8      | Noticed Joseph
  6150 | D:8      | Killed Joseph
  6246 | D:8      | Found Boagiol's Assorted Antiques.
  6259 | D:8      | Noticed Grum
  6270 | D:8      | Reached skill level 10 in Maces & Flails
  6270 | D:8      | Reached skill level 5 in Dodging
  6273 | D:8      | Killed Grum
  6274 | D:8      | Found Buyxuad's Assorted Antiques.
  6435 | D:9      | Noticed a two-headed ogre
  6448 | D:8      | Killed a two-headed ogre
  6705 | D:9      | Noticed a boulder beetle
  6722 | D:9      | Annihilated by a boulder beetle

Illustrated notes

Levels and vault maps discovered:
D:1:      dpeg_arrival_arbitrary_c, layout_rooms
D:2:      layout_basic, hangedman_decor_points, hangedman_decor_push
D:3:      lemuel_castle_with_subvaults [lemuel_castle_interior_original],
          layout_rooms, shapermc_ecumenical_altar_mp_ritualfount, uniq_jessica
D:4:      layout_gridville
D:5:      minmay_diamond_boxcup, layout_loops_ring, trog_butcher_becter,
          enter_ossuary_3, moated_statue
D:6:      layout_basic, grunt_decor_fettered
D:7:      minmay_spotlight, layout_rooms, minmay_temple_entry_proselytizer
D:8:      layout_gridville, lair_entry_dummy, serial_shops,
          nicolae_shop_hallway_plus, shop, shop, shop, nicolae_shop_waterfront,
          serial_ice, serial_ice_f, serial_ice_g, serial_ice_n, serial_ice_b,
          uniq_joseph, uniq_grum, uniq_psyche
D:9:      cheibrodos_ideogram_h, layout_stronghold

Skill      XL: |  1  2  3  4  5  6  7  8  9 10 |
---------------+-------------------------------+-----
Slings         | 3 |  3.7
Fighting       | 2 3 4 5 6 |  6.0
Unarmed Combat | 1 2 |  2.1
Throwing       | 1 |  1.7
Dodging        | 2 3 4 5 |  5.3
Maces & Flails | 1 3 4 7 9 10 | 10.7
Stealth        | 1 2 |  2.1

Action                   |  1- 3 |  4- 6 |  7- 9 | 10-12 || total
-------------------------+-------+-------+-------+-------++-------
Melee: Unarmed           |    34 |    10 |       |       ||    44
       Giant spiked club |       |   119 |   452 |    57 ||   628
 Fire: Hunting sling     |    52 |       |       |       ||    52
Throw: Large rock        |    16 |     9 |     2 |       ||    27
  Use: Scroll            |     5 |     1 |    15 |     3 ||    24
       Potion            |       |       |       |     2 ||     2
 Stab: Sleeping          |       |     1 |     7 |     1 ||     9
       Distracted        |       |       |     2 |       ||     2
Armor: Robe              |    23 |    75 |   258 |    29 ||   385
Dodge: Dodged            |    45 |   153 |   400 |    75 ||   673

Table legend: (Time is in decaauts)
 A = Elapsed time spent in this place.
 B = Non-inter-level travel time spent in this place.
 C = Inter-level travel time spent in this place.
 D = Time resting spent in this place.
 E = Time spent auto-exploring this place.
 F = Levels seen in this place.
 G = Mean time per level.
                   A        B        C        D        E       F      G
               +--------+--------+--------+--------+--------+-----+--------+
         Total |   7121 |   6998 |    123 |    300 |   3806 |  10 |  712.1 |
       Dungeon |   6766 |   6643 |    123 |    300 |   3777 |   9 |  751.8 |
       Ossuary |    354 |    354 |      0 |      0 |     29 |   1 |  354.0 |
               +--------+--------+--------+--------+--------+-----+--------+

Top non-repeatable levels by time:
     D:3: 1775 daAuts
     D:8: 966 daAuts
     D:2: 881 daAuts
     D:5: 798 daAuts
     D:7: 617 daAuts
     D:4: 558 daAuts
     D:1: 506 daAuts
     D:6: 434 daAuts
 Ossuary: 354 daAuts
     D:9: 228 daAuts
